 Dungeon Crawl Stone Soup version 0.30.0 (webtiles) character file.

Game seed: 547728746598745417

742 kwebster the Ruffian (level 7, 0/60 HPs)
             Began as a Gnoll Cinder Acolyte on Oct 15, 2023.
             Was an Initiate of Ignis.
             Slain by a hornet (11 damage)
             ... on level 5 of the Dungeon.
             The game lasted 00:57:43 (4185 turns).

kwebster the Ruffian (Gnoll Cinder Acolyte)         Turns: 4185, Time: 00:57:43

Health: 0/60       AC:  9    Str: 14    XL:     7   Next: 76%
Magic:  13/13      EV: 11    Int: 13    God:    Ignis [......]
Gold:   187        SH:  0    Dex:  9    Spells: 14/14 levels left

rFire   + + .        c - +1 hand axe
rCold   x . .        (no shield)
rNeg    . . .        d - +0 ring mail
rPois   .            g - +0 helmet
rElec   .            (no cloak)
rCorr   .            (no gloves)
SInv    .            w - +2 pair of boots
Will    .....        (no amulet)
Stlth   +            e - ring of flight
HPRegen 0.30/turn    m - ring of fire
MPRegen 0.13/turn

%: no passive effects
@: flying, slowed, very slow
A: fangs 1, strong nose, distributed training
a: Renounce Religion


You were on level 5 of the Dungeon.
You worshipped Ignis.
Ignis was noncommittal.
You visited 1 branch of the dungeon, and saw 5 of its levels.
You also visited: Sewer.

You collected 187 gold pieces.

Inventory:

Hand Weapons
 c - a +1 hand axe (weapon)
Missiles
 n - 3 poisoned darts
 t - 6 atropa-tipped darts (quivered)
 z - a boomerang
Armour
 a - a +0 robe
 b - a +0 leather armour
 d - a +0 ring mail (worn)
 g - a +0 helmet (worn)
 w - a +2 pair of boots (worn)
Jewellery
 e - a ring of flight (left hand)
 m - a ring of fire (right hand)
 y - a +4 ring of protection
 A - a ring of poison resistance
Wands
 s - a wand of mindburst (3)
Scrolls
 f - a scroll of magic mapping
 l - 7 scrolls of identify {unknown}
 u - 2 scrolls of fog {unknown}
 x - 2 scrolls of immolation {unknown}
Potions
 i - 3 potions of heal wounds {unknown}
 j - a potion of curing
 o - a potion of attraction {unknown}
 p - 2 potions of ambrosia {unknown}
 q - a potion of brilliance {unknown}
 r - a potion of invisibility {unknown}
 v - a potion of flight {unknown}
 B - a potion of might


   Skills:
 + Level 7.2 Fighting
 + Level 2.8 Short Blades
 + Level 2.8 Long Blades
 + Level 2.8 Axes
 + Level 2.8 Maces & Flails
 + Level 2.8 Polearms
 + Level 2.8 Staves
 + Level 2.8 Ranged Weapons
 + Level 2.8 Throwing
 + Level 2.8 Armour
 + Level 2.8 Dodging
 + Level 2.8 Stealth
 + Level 2.8 Shields
 + Level 7.2 Unarmed Combat
 + Level 4.0 Spellcasting
 + Level 2.3 Conjurations
 + Level 2.3 Hexes
 + Level 2.3 Summonings
 + Level 2.3 Necromancy
 + Level 2.3 Translocations
 + Level 2.3 Transmutations
 + Level 5.9 Fire Magic
 + Level 2.3 Ice Magic
 + Level 2.3 Air Magic
 + Level 2.3 Earth Magic
 + Level 2.3 Poison Magic
 + Level 3.1 Invocations
 + Level 2.8 Evocations


You had 14 spell levels left.
You didn't know any spells.
Your spell library contained the following spells:

 Spells                   Type           Power      Damage    Failure   Level
 Scorch                   Fire           54%        2d7       5%          2
 Cigotuvi's Dreadful Rot  Necr/Pois/Air  16%        N/A       24%         2
 Lesser Beckoning         Tloc           16%        N/A       24%         2
 Static Discharge         Conj/Air       16%        2-3/arc   24%         2
 Ignite Poison            Fire/Tmut/Pois 17%        N/A       28%         3
 Gell's Gravitas          Tloc           8%         N/A       43%         3
 Ozocubu's Armour         Ice            8%         N/A       43%         3
 Teleport Other           Tloc           8%         N/A       43%         3
 Airstrike                Air            4%         2d(1-17)  85%         4
 Summon Lightning Spire   Summ/Air       8%         N/A       85%         4
 Freezing Cloud           Conj/Ice/Air   4%         6-21      99%         5
 Ozocubu's Refrigeration  Ice            4%         4d8       100%        7


Dungeon Overview and Level Annotations

Branches:
Dungeon (5/15)              Sewer (visited)
 Temple: D:4-7

Altars:
Elyvilon
Fedhas
Hepliaklqana
Okawaru
Qazlal
Sif Muna
Xom
Yredelemnul


Innate Abilities, Weirdness & Mutations

You have very sharp teeth.
Your uncanny sense of smell can sniff out nearby items.
Your experience applies equally to all skills.


Message History

You see here a +0 club.
The hornet buzzes angrily.
The hornet stings you.
You feel yourself slow down. The hornet completely misses you.
You barely miss the hornet. The hornet stings you!
You feel as though you will be slow longer.
The hornet barely misses you. x2
You hit the hornet.
The hornet is lightly wounded.
You feel yourself speed up. The hornet stings you.
You feel yourself slow down. The hornet barely misses you.
You hit the hornet but do no damage.
The hornet is lightly wounded.
The hornet stings you!
You feel as though you will be slow longer.
The hornet stings you!
You suddenly lose the ability to move!
The hornet stings you!
* * * LOW HITPOINT WARNING * * *
You feel as though you will be slow longer.
You can move again.
As you read the scroll labelled YNOGOT NIRUI, it crumbles to dust.
You feel aware of your surroundings.
It was a scroll of magic mapping.
The hornet stings you but does no damage.
The hornet barely misses you.
The air fills with toxic fumes!
As you read the scroll labelled GOSSATSIESE, it crumbles to dust.
It was a scroll of poison.
The hornet stings you.
* * * LOW HITPOINT WARNING * * *
You shrug off the repeated paralysis!
The hornet stings you.
* * * LOW HITPOINT WARNING * * *
You shrug off the repeated paralysis!
Unknown command.
Really fly into that cloud of poison gas?
Okay, then.
As you read the scroll labelled PAOPNAKAJOU, it crumbles to dust.
It is a scroll of enchant weapon.
Your +0 hand axe glows red for a moment.
The hornet stings you!
You die...

#
###################
..........#§§§§§§§#
####....#.....##@§#
.....##...##.#§§#y#
.######...#..#§§#§#
.######.#[..§§#§#§#
..........##§§§§#§#
#########.##§.§§#§#
#.##.§§§#§#
#.##.§§§#§##**
#.##....#...,*


You could see a hornet.

Vanquished Creatures
  A water moccasin (Sewer)
  A centaur (D:5)
  A phantom (D:4)
  A scorpion (D:4)
  A water moccasin zombie (D:3)
  A howler monkey (D:4)
  2 hounds
  A jelly (D:4)
  A scorpion zombie (D:3)
  7 adders
  6 gnolls
  A white imp (D:5)
  An ufetubus (D:4)
  2 adder zombies (D:3)
  3 worms (D:2)
  2 dart slugs
  6 orcs (D:5)
  4 endoplasms
  4 giant cockroaches
  2 goblins
  4 hobgoblins (D:1)
  6 jackals
  3 quokkas
  2 ball pythons
  2 bats
  A frilled lizard (D:3)
  2 kobolds
  4 rats (D:3)
72 creatures vanquished.

Vanquished Creatures (others)
  39 foxfires
  8 plants (D:1)
47 creatures vanquished.

Grand Total: 119 creatures vanquished

Notes
Turn   | Place    | Note
-------+----------+-------------------------------------------
     0 | D:1      | kwebster the Gnoll Cinder Acolyte began the quest for the
                  | Orb.
     0 | D:1      | Reached XP level 1. HP: 23/23 MP: 4/4
   172 | D:1      | Reached XP level 2. HP: 29/29 MP: 5/5
   494 | D:1      | You are sucked into a shaft and drop 1 floor!
   629 | D:2      | Reached XP level 3. HP: 24/35 MP: 7/7
   648 | D:2      | Reached skill level 1 in Invocations
   778 | D:3      | Reached skill level 1 in Short Blades
   778 | D:3      | Reached skill level 1 in Long Blades
   778 | D:3      | Reached skill level 1 in Axes
   778 | D:3      | Reached skill level 1 in Maces & Flails
   778 | D:3      | Reached skill level 1 in Polearms
   778 | D:3      | Reached skill level 1 in Staves
   778 | D:3      | Reached skill level 1 in Ranged Weapons
   778 | D:3      | Reached skill level 1 in Throwing
   778 | D:3      | Reached skill level 1 in Armour
   778 | D:3      | Reached skill level 1 in Dodging
   778 | D:3      | Reached skill level 1 in Stealth
   778 | D:3      | Reached skill level 1 in Shields
   778 | D:3      | Reached skill level 1 in Evocations
   839 | D:3      | Found a shimmering blue altar of Sif Muna.
   855 | D:3      | Found a glowing drain.
   903 | D:3      | Reached XP level 4. HP: 41/41 MP: 8/8
   911 | Sewer    | Entered a sewer
   967 | Sewer    | Noticed a water moccasin
   971 | Sewer    | Killed a water moccasin
   972 | Sewer    | Reached skill level 1 in Conjurations
   972 | Sewer    | Reached skill level 1 in Hexes
   972 | Sewer    | Reached skill level 1 in Summonings
   972 | Sewer    | Reached skill level 1 in Necromancy
   972 | Sewer    | Reached skill level 1 in Translocations
   972 | Sewer    | Reached skill level 1 in Transmutations
   972 | Sewer    | Reached skill level 1 in Ice Magic
   972 | Sewer    | Reached skill level 1 in Air Magic
   972 | Sewer    | Reached skill level 1 in Earth Magic
   972 | Sewer    | Reached skill level 1 in Poison Magic
   972 | Sewer    | Reached XP level 5. HP: 45/47 MP: 9/9
  1293 | D:3      | Found a stormy altar of Qazlal.
  1386 | D:3      | Found a basalt altar of Yredelemnul.
  1426 | D:3      | Reached XP level 6. HP: 25/53 MP: 11/11
  1968 | D:4      | Found a blossoming altar of Fedhas.
  2015 | D:4      | Reached XP level 7. HP: 48/60 MP: 12/12
  2422 | D:4      | Found an iron altar of Okawaru.
  3514 | D:5      | Entered Level 5 of the Dungeon
  3562 | D:5      | Noticed a hornet
  3564 | D:5      | Paralysed by a hornet for 3 turns
  3621 | D:5      | Found a shimmering altar of Xom.
  3621 | D:5      | Found a hazy altar of Hepliaklqana.
  3625 | D:5      | Found a shimmering altar of Xom.
  3625 | D:5      | Found a shimmering altar of Xom.
  3625 | D:5      | Found a shimmering altar of Xom.
  3625 | D:5      | Found a shimmering altar of Xom.
  3772 | D:5      | Found a white marble altar of Elyvilon.
  4182 | D:5      | Paralysed by a hornet for 1 turns
  4185 | D:5      | Slain by a hornet

Illustrated notes

Levels and vault maps discovered:
D:1:      denvon_arrival_planthouse, layout_loops_ring, minmay_tiny_reverse_x
D:2:      layout_loops_cross, shapermc_ecumenical_altar_starsandcircs,
          grunt_decor_one_mirror, st_stairs_13, nicolae_underground_beach
D:3:      layout_basic, nicolae_yredelemnul_corpse_copse, grunt_qazlal_clouds,
          mainiacjoe_overflow_tiny_flanked, gup_sewer_entry_glass,
          dk_noncrumbling_4
D:4:      layout_loops_corners, mainiacjoe_overflow_paths,
          mainiacjoe_overflow_chevrons, minivault_1, minmay_fountain_box,
          kennysheep_generic_room_10
D:5:      layout_loops_ring, xom_redecorated, mainiacjoe_overflow_divided_tiny,
          minmay_curled_crystal

Skill      XL: |  1  2  3  4  5  6  7 |
---------------+----------------------+-----
Invocations    | 1 2 3 |  3.1
Short Blades   | 1 2 |  2.8
Long Blades    | 1 2 |  2.8
Axes           | 1 2 |  2.8
Maces & Flails | 1 2 |  2.8
Polearms       | 1 2 |  2.8
Staves         | 1 2 |  2.8
Ranged Weapons | 1 2 |  2.8
Throwing       | 1 2 |  2.8
Armour         | 1 2 |  2.8
Dodging        | 1 2 |  2.8
Stealth        | 1 2 |  2.8
Shields        | 1 2 |  2.8
Evocations     | 1 2 |  2.8
Spellcasting   | 3 4 |  4.0
Conjurations   | 1 2 |  2.3
Hexes          | 1 2 |  2.3
Summonings     | 1 2 |  2.3
Necromancy     | 1 2 |  2.3
Translocations | 1 2 |  2.3
Transmutations | 1 2 |  2.3
Ice Magic      | 1 2 |  2.3
Air Magic      | 1 2 |  2.3
Earth Magic    | 1 2 |  2.3
Poison Magic   | 1 2 |  2.3
Fighting       | 7 |  7.2
Unarmed Combat | 7 |  7.2
Fire Magic     | |  5.9

Action                     |  1- 3 |  4- 6 |  7- 9 || total
---------------------------+-------+-------+-------++-------
  Melee: Hand axe          |    97 |    89 |   121 ||   307
         Bite              |    11 |    12 |    16 ||    39
         Punch             |     4 |     6 |     5 ||    15
         Unarmed           |     1 |       |       ||     1
  Throw: Dart              |       |       |     7 ||     7
 Invoke: Foxfire Swarm     |     5 |     1 |       ||     6
         Fiery Armour      |     2 |     2 |       ||     4
         Rising Flame      |       |       |     1 ||     1
  Evoke: Wand              |       |       |     5 ||     5
    Use: Potion            |     2 |     1 |     2 ||     5
         Scroll            |     1 |       |     4 ||     5
   Stab: Sleeping          |       |     1 |       ||     1
         Invisible         |       |       |     5 ||     5
 Armour: Ring mail         |    46 |    51 |    57 ||   154
         Robe              |     2 |       |       ||     2
  Dodge: Dodged            |    60 |    47 |   103 ||   210
